 Dungeon Crawl Stone Soup version 0.31-a0-325-g067879e3d3 (webtiles) character file.

Game seed: 2266649541709071179

26 Ofeo the Changeling (level 2, 15/15 HPs)
             Began as a Spriggan Shapeshifter on July 18, 2023.
             Quit the game on level 2 of the Dungeon.
             The game lasted 00:01:40 (1377 turns).

Ofeo the Changeling (Spriggan Shapeshifter)         Turns: 1377, Time: 00:01:41

Health: 15/15      AC:  2    Str: 11    XL:     2   Next: 89%
Magic:  3/3        EV: 17    Int:  9    God:
Gold:   64         SH:  0    Dex: 15    Spells: 1/1 levels left

rFire   . .          .
                       - Unarmed
rCold   . . .        (no shield)
rNeg    . . .        a - +0 animal skin
rPois   .            (helmet currently unavailable)
rElec   .            (cloak currently unavailable)
rCorr   .            (gloves unavailable)
SInv    +            (boots unavailable)
Will    .....        g - amulet of faith
Stlth   +            (no ring)
HPRegen 0.22/turn    (no ring)
MPRegen 0.08/turn

%: faith
@: beast-form, very quick
A: beast (slay +3), very small, no large weapons, unfitting armour, see
invisible, speed 3
a: Begin Untransformation


You were on level 2 of the Dungeon.
You were a hulking beast.
You visited 1 branch of the dungeon, and saw 2 of its levels.

You collected 64 gold pieces.

Inventory:

Armour
 a - a +0 animal skin (worn)
Jewellery
 g - an amulet of faith (around neck)
Talismans
 c - a beast talisman
Potions
 b - a potion of lignification
 e - a potion of attraction
 f - a potion of invisibility {unknown}


   Skills:
 + Level 1.9 Fighting
 + Level 3.3 Dodging
 + Level 1.9 Unarmed Combat
 + Level 4.3 Shapeshifting


You had one spell level left.
You didn't know any spells.
Your spell library was empty.

Dungeon Overview and Level Annotations

Branches:
Dungeon (2/15)

Altars:

Annotations:
D:2 Terence


Innate Abilities, Weirdness & Mutations

You are a hulking beast.
Your limbs bulge with bestial killing power. (Slay +3)
You are very small and have problems with some larger weapons.
You are too small for most types of armour.
You have supernaturally acute eyesight. (SInv)
You cover ground extremely quickly. (Speed+++)


Message History

You hit Terence.
Terence is lightly wounded.
Terence barely misses you.
You hit Terence but do no damage.
Terence is lightly wounded.
You barely miss Terence.
Terence is lightly wounded.
Terence hits you with a +0 trident!
Ouch! That really hurt!
* * * LOW HITPOINT WARNING * * *
You take 9 damage, and have 2/15 hp.
MASSIVE DAMAGE!!
You completely miss Terence.
Terence is lightly wounded.
The goblin hits you but does no damage. Terence misses you.
Terence completely misses you.
There is a stone staircase leading up here.
You climb upwards.
There is a stone staircase leading down here.
You start resting.
HP restored.
Health restored: 15 You start waiting.
Done waiting.
There is an open door here.
There is a stone staircase leading down here.
You climb downwards.
Level annotation: Terence Terence completely misses you.
There is a stone staircase leading up here.
As you read the scroll labelled ETWASO FASMIENIFF, it crumbles to dust.
It is a scroll of identify.
e - a potion of attraction Terence closely misses you.
You aren't carrying any scrolls.
Terence barely misses you.
Saving game... please wait.
Level annotation: Terence Welcome back, Ofeo the Spriggan Shapeshifter.
Press ? for a list of commands and other information.
Are you sure you want to abandon this character and quit the game? (Confirm with "yes".)

#.# #.# #.# #.#
#.#########.#
#####
#....g......#
#...#
####.####.......
#...####....#
.......
#........$.. #.#
# ####### #.# .#
#.####.##
#.<.....#
#.......#


You could see Terence and a goblin.

Vanquished Creatures
  2 dart slugs (D:1)
  3 bats (D:1)
  An endoplasm (D:2)
  3 giant cockroaches (D:1)
  2 goblins (D:1)
  A hobgoblin (D:1)
  A kobold (D:1)
  A quokka (D:1)
  A ball python (D:1)
  4 frilled lizards (D:1)
  4 rats (D:1)
23 creatures vanquished.

Notes
Turn   | Place    | Note
-------+----------+-------------------------------------------
     0 | D:1      | Ofeo the Spriggan Shapeshifter began the quest for the Orb.
     0 | D:1      | Reached XP level 1. HP: 10/10 MP: 2/2
   285 | D:1      | Reached XP level 2. HP: 15/15 MP: 3/3
   989 | D:2      | Noticed Terence
  1377 | D:2      | Quit the game

Illustrated notes

Levels and vault maps discovered:
D:1:      sevenhm_arrival_forest_fort_large_3, layout_basic, minivault_11
D:2:      layout_basic, uniq_terence

Skill      XL: |  1 |
---------------+----+-----
Dodging        | 3 |  3.3
Fighting       | |  1.9
Unarmed Combat | |  1.9
Shapeshifting  | |  4.3

Action                     || total
---------------------------++-------
  Melee: Unarmed           ||    73
         Punch             ||     1
    Use: Scroll            ||     1
   Stab: Sleeping          ||     2
 Armour: Animal skin       ||     3
  Dodge: Dodged            ||    52

Table legend: (Time is in decaauts)
 A = Elapsed time spent in this place.
 B = Non-inter-level travel time spent in this place.
 C = Inter-level travel time spent in this place.
 D = Time resting spent in this place.
 E = Time spent auto-exploring this place.
 F = Levels seen in this place.
 G = Mean time per level.
                   A        B        C        D        E       F      G
               +--------+--------+--------+--------+--------+-----+--------+
         Total |   1000 |    957 |     43 |    300 |    472 |   2 |  500.0 |
       Dungeon |   1000 |    957 |     43 |    300 |    472 |   2 |  500.0 |
               +--------+--------+--------+--------+--------+-----+--------+

Top non-repeatable levels by time:
     D:1: 927 daAuts
     D:2: 73 daAuts
